 Dungeon Crawl Stone Soup version 0.19-a0-1225-gf887c1c (webtiles) character file.

389 puppykicker the Ogre Mage (level 6, -2/57 HPs)
             Began as an Ogre Wizard on Aug 25, 2016.
             Killed by nerve-wracking pain
             ... invoked by Grinder
              (14 damage)
             ... on level 4 of the Dungeon.
             The game lasted 00:14:48 (5319 turns).

puppykicker the Ogre Mage (Ogre Wizard)             Turns: 5319, Time: 00:14:48

Health: -2/57      AC:  4    Str: 13    XL:     6   Next: 79%
Magic:  3/13       EV: 10    Int: 19    God:
Gold:   229        SH:  0    Dex:  8    Spells: 5 memorised, 5 levels left

rFire  . . .     SeeInvis .     a - +1 club
rCold  . . .     Gourm    .     g - +0 robe
rNeg   . . .     Faith    .     (no shield)
rPois  .         Spirit   .     h - +1 hat
rElec  .         Dismiss  .     (no cloak)
rCorr  .         Reflect  .     (gloves unavailable)
MR     .....     Harm     .     (boots unavailable)
Stlth  ++........               (no amulet)
                                (no ring)
                                j - ring of stealth

@: very slightly contaminated
A: unfitting armour, tough skin 1
a: no special abilities


You were on level 4 of the Dungeon.
You were hungry.

You visited 1 branch of the dungeon, and saw 4 of its levels.

You collected 229 gold pieces.


Innate Abilities, Weirdness & Mutations

You are too large for most types of armour.
You have tough skin. (AC +1)


   Skills:
 - Level 2.0 Fighting
 - Level 2.0 Maces & Flails
 - Level 1.7 Dodging
 - Level 1.5 Stealth
 - Level 5.0 Spellcasting
 + Level 2.4 Conjurations
 + Level 1.3 Charms
 + Level 1.1 Summonings
 + Level 1.2 Translocations
 - Level 1.0 Air Magic
 - Level 1.3 Poison Magic


You had 5 spell levels left.
You knew the following spells:

 Your Spells              Type           Power        Failure   Level  Hunger
a - Magic Dart            Conj           ##..         6%          1    None
b - Call Imp              Summ           #.......     14%         2    #......
c - Mephitic Cloud        Conj/Pois/Air  ##......     21%         3    ##.....
l - Repel Missiles        Chrm/Air       #.....       14%         2    #......
p - Blink                 Tloc           N/A          14%         2    #......

Inventory:

Hand Weapons
 a - a +1 club (weapon)
 b - a +1 dagger of venom
 c - a +0 blowgun
Armour
 g - a +0 robe (worn)
 h - a +1 hat (worn)
Jewellery
 j - a ring of stealth (left hand)
Wands
 t - a wand of iceblast (2/15)
Scrolls
 e - 4 scrolls of enchant armour
 l - a scroll of blinking
Potions
 f - a potion of flight
 k - a potion of heal wounds
 s - 2 potions of degeneration {unknown}
 u - 2 potions of berserk rage {unknown}
Books
 r - a book of Minor Magic
Comestibles
 d - a bread ration
 i - 5 fruits
 m - 2 meat rations
 p - a chunk of flesh {@w1}
 q - a beef jerky

Dungeon Overview and Level Annotations

Branches:
Dungeon (4/15)
 Temple: D:4-7

Altars:

Annotations:
D:4 Grinder, Menkaure

...............#
#####.#
###.############ #.#
#.# #.# #.# #.# #.# #.#
#.# #.# #.# #.# #.#
###############.# *,*
#....5...@....#.# *,*
#.###########.#.# #,*
#.# #.#.# ###.##*#.#
#.#.# ......##.# #.#.#
.....h...# #.#.#
......####
#.#.########## ...h..*
#.#..........# ......*
##########.########.###


You could see Grinder.


Message History

Grinder hits you!
* * * LOW HITPOINT WARNING * * *
You can move again.
Aiming: Magic Dart
Aim: Grinder (moderately wounded)
The magic dart hits Grinder.
Grinder is moderately wounded.
Grinder hits you!
* * * LOW HITPOINT WARNING * * *
You writhe in agony.
* * * LOW HITPOINT WARNING * * *
Unknown command.
As you read the scroll labeled SOTHRE VIHEEROU, it crumbles to dust.
It is a scroll of amnesia.
Forget which spell ([?*] list [ESC] exit)?
Forget which spell ([?*] list [ESC] exit)?
Okay, then.
Grinder closely misses you.
You blink.
Grinder gestures at you.
You suddenly lose the ability to move!
Grinder says, "I used to sell toenails on the black market."
You can move again.
As you read the scroll labeled WIBRIN FOTOLA, it crumbles to dust.
You feel aware of your surroundings.
It was a scroll of magic mapping.
Grinder gestures at you.
You struggle to resist.
Grinder gestures at you. Pain shoots through your body!
You die...

Action                   |  1- 3 |  4- 6 || total
-------------------------+-------+-------++-------
Melee: Club              |    74 |   154 ||   228
       Unarmed           |    11 |       ||    11
       Dagger            |       |     5 ||     5
 Cast: Magic Dart        |    83 |    80 ||   163
       Mephitic Cloud    |       |     9 ||     9
       Blink             |       |     1 ||     1
Evoke: Wand              |       |     1 ||     1
  Use: Scroll            |     7 |     5 ||    12
       Potion            |       |     2 ||     2
 Stab: Confused          |       |     3 ||     3
       Sleeping          |       |     4 ||     4
  Eat: Chunk             |     4 |    10 ||    14
Armor: Robe              |    31 |    49 ||    80
Dodge: Dodged            |    63 |    98 ||   161

Vault maps used:
D:1:      saegor_arrival_simple_f
D:4:      first_bread, uniq_menkaure, uniq_grinder

Notes
Turn   | Place    | Note
-------+----------+-------------------------------------------
     0 | D:1      | puppykicker the Ogre Wizard began the quest for the Orb.
     0 | D:1      | Reached XP level 1. HP: 16/16 MP: 5/5
    21 | D:1      | Reached skill level 1 in Fighting
    21 | D:1      | Reached skill level 1 in Conjurations
    21 | D:1      | Reached XP level 2. HP: 28/28 MP: 0/6
    25 | D:1      | Learned a level 2 spell: Blink
    28 | D:1      | Learned a level 2 spell: Call Imp
    31 | D:1      | Learned a level 2 spell: Repel Missiles
  1071 | D:1      | Reached skill level 1 in Maces & Flails
  1195 | D:1      | Reached XP level 3. HP: 31/35 MP: 8/8
  1256 | D:1      | Reached skill level 2 in Fighting
  2095 | D:2      | Reached skill level 1 in Translocations
  2357 | D:2      | Reached XP level 4. HP: 28/42 MP: 0/9
  2490 | D:1      | Reached skill level 1 in Summonings
  2959 | D:3      | Reached skill level 2 in Maces & Flails
  3153 | D:2      | Learned a level 3 spell: Mephitic Cloud
  3182 | D:3      | Reached skill level 4 in Spellcasting
  3182 | D:3      | Reached XP level 5. HP: 38/49 MP: 1/11
  3234 | D:3      | Reached skill level 1 in Charms
  3234 | D:3      | Reached skill level 1 in Air Magic
  3476 | D:3      | Gained mutation: Potions and wands are less effective at restoring your health. [potion of mutation]
  3476 | D:3      | Gained mutation: Your body sometimes deteriorates upon taking damage. [potion of mutation]
  3476 | D:3      | Gained mutation: You have a beak for a mouth. [potion of mutation]
  3477 | D:3      | Lost mutation: Your body sometimes deteriorates upon taking damage. [potion of cure mutation]
  3477 | D:3      | Lost mutation: You have a beak for a mouth. [potion of cure mutation]
  3477 | D:3      | Lost mutation: Potions and wands are less effective at restoring your health. [potion of cure mutation]
  4280 | D:3      | Reached skill level 2 in Conjurations
  4280 | D:3      | Reached skill level 1 in Poison Magic
  4280 | D:3      | Reached XP level 6. HP: 52/57 MP: 1/12
  4833 | D:4      | Reached skill level 5 in Spellcasting
  4924 | D:4      | Noticed Menkaure
  5271 | D:4      | Noticed Grinder
  5310 | D:4      | Paralysed by Grinder for 2 turns
  5314 | D:4      | Paralysed by Grinder for 4 turns
  5319 | D:4      | Killed from afar by Grinder

Vanquished Creatures
  A hound (D:4)
  A centaur skeleton (D:4)
  An orc priest (D:3)
  An orc wizard (D:3)
  5 worker ants
  5 adders
  4 gnolls
  2 worms
  A dart slug (D:2)
  3 giant geckos (D:1)
  4 orcs (D:3)
  7 goblins
  5 hobgoblins
  A jackal (D:4)
  6 kobolds
  3 quokkas
  2 ball pythons (D:3)
  11 bats
  4 giant newts
  8 rats
75 creatures vanquished.
